 Dungeon Crawl Stone Soup version 0.17-a0-1805-g6093636 (webtiles) character file.

121 Medved the Chiller (level 4, -2/30 HPs)
             Began as a Mummy Ice Elementalist on Sept 12, 2015.
             Slain by an adder (4 damage)
             ... on level 4 of the Dungeon.
             The game lasted 00:10:35 (3440 turns).

Medved the Chiller (Mummy Ice Elementalist)         Turns: 3440, Time: 00:10:35

Health: -2/30      AC:  2    Str: 11    XL:     4   Next: 77%
Magic:  1/8        EV: 12    Int: 15    God:
Gold:   147        SH:  0    Dex: 12    Spells: 1 memorised, 7 levels left

rFire  x . .     SeeInvis .     (no weapon)
rCold  + . .     Clarity  .     a - +0 robe
rNeg   + + +     SustAt   .     (no shield)
rPois  ∞         Gourm    .     (no helmet)
rElec  .         Spirit   .     (no cloak)
rCorr  .         Warding  .     (no gloves)
rMut   .         Stasis   .     (no boots)
MR     .....                    (no amulet)
Stlth  ++........               (no ring)
                                (no ring)

@: not resistant to hostile enchantments, unstealthy
A: no food or potions, fire vulnerability, cold resistance 1, negative energy
resistance 3, torment resistance, unbreathing
a: no special abilities


You were on level 4 of the Dungeon.
You were not hungry.

You visited 1 branch of the dungeon, and saw 4 of its levels.

You collected 147 gold pieces.

Inventory:

Armour
 a - a +0 robe (worn)
Jewellery
 g - an uncursed amulet of rage
Scrolls
 c - a scroll of amnesia {unknown}
 d - a scroll of teleportation {unknown}
 e - a scroll of enchant weapon {unknown}
 f - 2 scrolls of identify
 h - 4 scrolls of remove curse {unknown}
 i - a scroll of noise {unknown}
Books
 b - a book of Frost

   Spells                             Type                      Level
   a - Freeze                         Ice                          1
   b - Throw Frost                    Conjuration/Ice              2
   c - Ozocubu's Armour               Charms/Ice                   3
   d - Throw Icicle                   Conjuration/Ice              4
   e - Summon Ice Beast               Ice/Summoning                4
   f - Condensation Shield            Ice                          4


   Skills:
 + Level 2.0 Dodging
 - Level 1.5 Stealth
 + Level 2.8 Spellcasting
   Level 0.7 Conjurations
 * Level 3.9 Ice Magic


You had 7 spell levels left.
You knew the following spells:

 Your Spells              Type           Power        Failure   Level  Hunger
a - Freeze                Ice            ##..         4%          1    N/A

Dungeon Overview and Level Annotations

Branches:
Dungeon (4/15)
 Temple: D:4-7

Altars:
Gozag

Annotations:
D:3 Robin


Innate Abilities, Weirdness & Mutations

You do not eat or drink.
Your flesh is vulnerable to fire.
You are immune to poison.
Your flesh is cold resistant.
You are immune to negative energy.
You are immune to unholy pain and torment.
You can survive without breathing.


Message History

Press: ? - help, Shift-Dir - straight line, f/p - adder
Aim: an adder (moderately wounded)
You freeze the adder.
The adder seems to slow down.
The adder is severely wounded.
The giant cockroach barely misses you. The adder closely misses you.
The giant cockroach barely misses you. The adder bites you.
* * * LOW HITPOINT WARNING * * *
The adder is no longer moving slowly.
The adder completely misses you. The adder closely misses you.
The giant cockroach bites you but does no damage.
The adder bites you.
* * * LOW HITPOINT WARNING * * *
As you read the scroll labeled BAEGIR JUUQUMP, it crumbles to dust.
It is a scroll of identify.
Identify which item? (\ to view known items) (? for menu, Esc to quit)
g - an uncursed amulet of rage The adder misses you.
The giant cockroach bites you but does no damage.
The adder bites you.
You die...

############
#......s@..#
#......S...##
+...........#
#..............
###..<#.........
+...............
###.......#.####
#.#.#.#.#.#
###.#.# #


You could see an adder and a giant cockroach.

Vanquished Creatures
  Ijyb (D:2)
  3 adders
  A worm (D:3)
  3 giant geckos
  4 orcs (D:3)
  A ball python (D:2)
  2 giant cockroaches
  11 hobgoblins
  2 jackals (D:1)
  A quokka (D:3)
  3 bats
  4 giant newts
  10 goblins
  5 kobolds
  7 rats
58 creatures vanquished.

Vanquished Creatures (others)
  4 toadstools (D:1)
4 creatures vanquished.

Grand Total: 62 creatures vanquished

Notes
Turn   | Place    | Note
--------------------------------------------------------------
     0 | D:1      | Medved the Mummy Ice Elementalist began the quest for the Orb.
     0 | D:1      | Reached XP level 1. HP: 13/13 MP: 3/3
   557 | D:1      | Reached XP level 2. HP: 19/19 MP: 0/5
  1073 | D:1      | Reached skill level 3 in Ice Magic
  1171 | D:2      | Found an opulent altar of Gozag.
  1219 | D:2      | Reached XP level 3. HP: 18/24 MP: 0/6
  1435 | D:2      | Noticed Ijyb
  2039 | D:2      | Killed Ijyb
  2039 | D:2      | Reached XP level 4. HP: 22/30 MP: 2/7
  2303 | D:3      | Noticed a phantom
  3375 | D:3      | Noticed Robin
  3440 | D:4      | Slain by an adder

Vault maps used:
D:1:      ldierk_water_garden
D:2:      first_bread, grunt_gozag_statues, uniq_crazy_yiuf_cottage, uniq_iyjb
D:3:      serial_co_window_serial, co_window_paths_b,
          co_window_of_opportunity_a, co_window_paths_a, co_window_paths_a,
          co_window_corner_a, co_window_corner_ca, co_window_broadway_b,
          co_window_cross_3, co_window_broadway_b, co_window_unsneaky_path_e,
          co_window_2corner, glass_columns_a, uniq_robin
D:4:      grunt_temple_overflow_gold_and_silver

Action                   |  1- 3 |  4- 6 || total
-------------------------+-------+-------++-------
Melee: Unarmed           |     7 |     8 ||    15
 Cast: Freeze            |    74 |    52 ||   126
  Use: Scroll            |       |     1 ||     1
